Cogmind - Beta 12 @@@ ROGUE MODE // 2023.10.13 @ 20:21:36 Player: OldPopsy Result: Destroyed by G-47 Trooper with Particle Gun Performance ------------- Evolutions (2) 1000 Regions Visited (3) 600 Robots Destroyed (30) 150 Value Destroyed (706) 706 Prototype IDs (0) 0 Alien Tech Used (0) 0 Bonus (0) 0 TOTAL SCORE: 2456 Bonus ------- None Cogmind --------- Core Integrity 0/550 Matter 168/300 Energy 54/100 System Corruption 0% Temperature Warning (334) Movement Core (50) Location -8/Materials Parts ------- > --- POWER (3) -------- (None) > --- PROPULSION (2) --- (None) > --- UTILITY (3) ------ (None) > --- WEAPON (3) ------- Small Laser > --- INVENTORY (5) ---- (None) Peak State ------------ > --- POWER ------------ Ion Engine Light Ion Engine > --- PROPULSION ------- VSS Leg VSS Leg > --- UTILITY ---------- Disposable Heat Sink Weapon Shielding Hardened Medium Armor Plating > --- WEAPON ----------- Medium Laser Field Laser EMP Blaster > --- INVENTORY -------- Medium Laser Small Laser [Rating: 20] Favorites ----------- Power Ion Engine Engine Ion Engine Propulsion Wheel Leg VSS Leg Wheel Wheel Utility Signal Interpreter Device Disposable Heat Sink Storage Small Storage Unit Processor Signal Interpreter Protection Weapon Shielding Weapon Field Laser Energy Gun Field Laser Ballistic Gun Minigun Launcher EMP Blaster Build | -11 -10 -9 -8 ------- Run | Jun Mat Mat Mat Slots Evolved 4 | . . 2 2 Power 2 | . . 1 1 Propulsion . | . . . . Utility 1 | . . 1 . Weapon 1 | . . . 1 Parts Attached 33 | 5 9 10 9 Power 4 | 1 1 1 1 Engine 4 | 1 1 1 1 Core . | . . . . Reactor . | . . . . Propulsion 7 | 2 1 2 2 Treads . | . . . . Leg 2 | . . . 2 Wheel 5 | 2 1 2 . Hover . | . . . . Flight . | . . . . Utility 9 | 1 3 4 1 Device 4 | . 1 3 . Storage 2 | 1 1 . . Processor 1 | . 1 . . Hackware . | . . . . Protection 2 | . . 1 1 Artifact . | . . . . Weapon 13 | 1 4 3 5 Energy Gun 11 | 1 4 2 4 Energy Cannon . | . . . . Ballistic Gun 1 | . . . 1 Ballistic Cannon . | . . . . Launcher 1 | . . 1 . Special Weapon . | . . . . Impact Weapon . | . . . . Slashing Weapon . | . . . . Piercing Weapon . | . . . . Special Melee Weapon . | . . . . Unidentified Prototypes . | . . . . Parts Lost 19 | . 1 5 13 Power 3 | . . . 3 Propulsion 4 | . . 2 2 Utility 5 | . . 2 3 Weapon 7 | . 1 1 5 Highest Loss Streak 7 | . 1 1 7 To Critical Strikes . | . . . . Average Slot Usage (%) 79 | . 97 71 55 Engine 13 | . 14 14 9 Leg 2 | . . . 10 Wheel 17 | . 28 14 1 Device 8 | . 7 13 3 Storage 4 | . 11 . . Processor 5 | . 7 5 . Protection 3 | . . 1 11 Energy Gun 21 | . 26 20 11 Launcher 2 | . . 1 7 Naked Turns 1 | . . . 1 Heaviest Build 27 | 12 19 18 27 Greatest Support 26 | 26 26 20 24 Greatest Overweight (x) 4 | . . 4 1 Average Overweight (x) . | . . . . Largest Inventory Capacity 8 | 8 8 5 5 Average Capacity 5 | 6 6 5 5 Most Carried 5 | 5 4 5 5 Average Carried 2 | 1 1 3 1 Final Capacity 8 | 8 5 5 5 Final Carried 4 | 1 1 4 . Class Distribution -------------------- 74% | Mutant 19% | Scavenger-Mutant 5% | Tank Dominant Class ---------------- Mutant | -10/Materials Mutant | -9/Materials Mutant | -8/Materials Resources | -11 -10 -9 -8 ----------- Run | Jun Mat Mat Mat Matter Collected 455 | 233 92 122 8 Remotely . | . . . . Salvage Created 1001 | . 180 592 229 Parts 76 | . 14 41 21 Haulers Intercepted 1 | . 1 . . Recyclers Shooed 1 | . . 1 . Parts Field Recycled . | . . . . Retrieved Matter . | . . . . Parts Self-Destructed . | . . . . Prevented . | . . . . Kills | -11 -10 -9 -8 ------- Run | Jun Mat Mat Mat Combat Hostiles Destroyed 16 | . 4 8 4 Guns 14 | . 4 6 4 AOE 2 | . . 2 . Classes Destroyed 12 | . 4 5 3 Worker 1 | . . 1 . Builder 4 | . 1 1 2 Tunneler 1 | . . 1 . Hauler 1 | . 1 . . Recycler 1 | . . 1 . Operator 1 | . . . 1 Watcher 5 | . 2 3 . Swarmer 4 | . 4 . . Grunt 8 | . . 6 2 Brawler 1 | . . . 1 Sentry 2 | . . 2 . Specialist 1 | . . . 1 Best Kill Streak 8 | . 4 8 4 Combat Bots Only 4 | . 4 3 4 Max Kills in Single Turn 2 | . 2 2 1 Gunslinging . | . . . . Exploded 1 | . . 1 . Melee . | . . . . Uniques/NPCs Destroyed . | . . . . Combat | -11 -10 -9 -8 -------- Run | Jun Mat Mat Mat Damage Taken 2269 | . 194 520 1555 Core 726 | . 41 133 552 Absorbed by Shields . | . . . . Redirected to Shielding 53 | . . 19 34 Core Remaining (%) 83 | 100 83 66 . Volleys Fired 106 | . 15 52 39 Largest 3 | . 2 2 3 Hottest 146 | . 90 126 146 Shots Fired 154 | . 26 58 70 Gun 129 | . 26 48 55 Cannon . | . . . . Launcher 25 | . . 10 15 Special . | . . . . Kinetic 13 | . . . 13 Thermal 106 | . 16 48 42 Explosive . | . . . . Electromagnetic 35 | . 10 10 15 Robot Hit Streak 14 | . 4 11 14 Robot Miss Streak 4 | . 4 3 4 Penetration Max . | . . . . Secondary Targets 1 | . 1 . . Max Gunslinging Chain 1 | . 1 . . Shots Hit Robots 92 | . 12 34 46 Core Hits 46 | . 9 19 18 Critical Kills . | . . . . Critical Parts Destroyed . | . . . . Critical Strikes 2 | . 1 . 1 Burn 2 | . 1 . 1 Melee Attacks . | . . . . Impact . | . . . . Slashing . | . . . . Piercing . | . . . . Sneak Attacks . | . . . . Combat Hostiles . | . . . . Follow-up Attacks . | . . . . Damage Inflicted 2070 | . 222 868 980 Guns 1197 | . 165 532 500 Cannons . | . . . . Explosions 873 | . 57 336 480 Melee . | . . . . Ramming . | . . . . Kinetic 162 | . . . 162 Thermal 1018 | . 143 537 338 Explosive . | . . . . Electromagnetic 890 | . 79 331 480 Impact . | . . . . Slashing . | . . . . Piercing . | . . . . Highest Corruption 1 | . 1 . . Average Corruption 1 | . 1 . . Corruption Purged . | . . . . Corruption Blocked . | . . . . Effects 1 | . 1 . . Message Errors 1 | . 1 . . Overload Shots . | . . . . Overflow Damage 31 | . . 10 21 Projectiles . | . . . . Explosions 31 | . . 10 21 Melee . | . . . . Knockbacks . | . . . . Impact . | . . . . Kinetic . | . . . . Secondary . | . . . . Self-Inflicted Damage 39 | . . 36 3 Shots 3 | . . 2 1 Rammed . | . . . . Targets Rammed . | . . . . Kicked . | . . . . Crushed . | . . . . Highest Temperature 347 | . 110 347 337 Average Temperature 114 | . 46 98 163 Received Heat Transfer 819 | . 12 204 603 Effects 4 | . . 2 2 Interference 3 | . . 2 1 Damage (minor) 1 | . . . 1 Siege Activations . | . . . . Robots Corrupted . | . . . . Combat Hostiles . | . . . . Parts Fried 3 | . 2 1 . Impact Corruptions . | . . . . Robots Melted . | . . . . Combat Hostiles . | . . . . Parts Melted 1 | . . . 1 Heat Transferred 2506 | . 321 1197 988 Parts Sabotaged . | . . . . Parts Stolen . | . . . . Parts Stripped . | . . . . Power Chain Reactions 2 | . 1 1 . Missiles Intercepted . | . . . . Alert | -11 -10 -9 -8 ------- Run | Jun Mat Mat Mat Peak Influence 340 | . 199 340 174 Initial 79 | . . 26 79 Average 93 | . 60 140 103 Maximum Alert Level 1 | . . 1 . Low Security (%) 95 | 100 100 87 100 Level 1 4 | . . 12 . Level 2 . | . . . . Level 3 . | . . . . Level 4 . | . . . . Level 5 . | . . . . High Security . | . . . . Max Security . | . . . . Squads Dispatched 5 | . . 1 4 Investigation 2 | . . 1 1 Extermination . | . . . . Reinforcement 3 | . . . 3 Assault . | . . . . Garrison . | . . . . Intercept . | . . . . Searches Triggered . | . . . . Construction Impeded 1 | . . . 1 Haulers Reinforced . | . . . . Active Scanning Responses . | . . . . Cargo Convoy Interrupts . | . . . . Stealth | -11 -10 -9 -8 --------- Run | Jun Mat Mat Mat Distress Signals 3 | . . 1 2 Communications Jammed . | . . . . Distress Signals . | . . . . Times Spotted 43 | . 16 14 13 Peak Tracking Total 7 | . 6 4 7 Tactical Retreats 5 | . 1 1 3 Traps | -11 -10 -9 -8 ------- Run | Jun Mat Mat Mat Traps Triggered 2 | . 2 . . Indirectly . | . . . . Trap Hack Attempts . | . . . . Triggered . | . . . . Disarmed . | . . . . Reprogrammed . | . . . . Reused . | . . . . Traps Extracted . | . . . . Installed . | . . . . Triggered . | . . . . Machines | -11 -10 -9 -8 ---------- Run | Jun Mat Mat Mat Machines Disabled 4 | . . 4 . Max in Single Turn 1 | . . 1 . Machines Repaired . | . . . . Machines Sabotaged . | . . . . Overloaded Fab Kills . | . . . . Hacking | -11 -10 -9 -8 --------- Run | Jun Mat Mat Mat Machines Accessed 9 | . 7 2 . Terminals 6 | . 4 2 . Fabricators . | . . . . Repair Stations 1 | . 1 . . Recycling Units 2 | . 2 . . Scanalyzers . | . . . . Garrison Access . | . . . . Total Hacks 15 | . 11 4 . Successful 10 | . 8 2 . Failed 5 | . 3 2 . Catastrophic 1 | . 1 . . Database Lockouts . | . . . . Manual . | . . . . Terminals 10 | . 6 4 . Fabricators . | . . . . Repair Stations 2 | . 2 . . Recycling Units 3 | . 3 . . Scanalyzers . | . . . . Garrison Access . | . . . . Terminal Hacks 6 | . 4 2 . Repair Station Index 1 | . . 1 . Alert Level 1 | . 1 . . Locate Traps 1 | . 1 . . Maintenance Status 1 | . 1 . . Hauler Manifests 1 | . . 1 . Registered Components 1 | . 1 . . Fabricator Hacks . | . . . . Repair Station Hacks 2 | . 2 . . Scan Component 1 | . 1 . . Repair 1 | . 1 . . Recycling Unit Hacks 2 | . 2 . . Report Inventory 2 | . 2 . . Scanalyzer . | . . . . Garrison Access Hacks . | . . . . Unauthorized Hacks . | . . . . Terminals . | . . . . Fabricators . | . . . . Repair Stations . | . . . . Recycling Units . | . . . . Scanalyzers . | . . . . Garrison Access . | . . . . Data Cores Recovered 1 | . . . 1 Used . | . . . . Hacking Detections 5 | . 3 2 . Full Trace Events 1 | . . 1 . Feedback Events . | . . . . Feedback Blocked . | . . . . Robot Schematics Acquired . | . . . . Robots Built . | . . . . Authchips . | . . . . Time . | . . . . Total Robot Build Rating . | . . . . Part Schematics Acquired . | . . . . Parts Built . | . . . . Authchips . | . . . . Time . | . . . . Total Part Build Rating . | . . . . Parts Repaired . | . . . . Time 26 | . 26 . . Parts Recycled . | . . . . Recycled Matter . | . . . . Retrieved Matter . | . . . . Retrieved Components . | . . . . Parts Scanalyzed . | . . . . Part Schematics Acquired . | . . . . Parts Damaged . | . . . . Bothacking | -11 -10 -9 -8 ------------ Run | Jun Mat Mat Mat Used RIF Installer . | . . . . Robots Hacked . | . . . . Non-combat . | . . . . Combat . | . . . . Robot Hacks Applied . | . . . . Relay Couplers Released . | . . . . Fabnet Peak Effective % . | . . . . Robots Rewired . | . . . . Allies Hacked . | . . . . Hacks Repelled . | . . . . Allies | -11 -10 -9 -8 -------- Run | Jun Mat Mat Mat Total Allies . | . . . . Largest Group . | . . . . Highest-Rated Group . | . . . . Highest-Rated Ally . | . . . . Total Orders . | . . . . Ally Attacks . | . . . . Total Damage . | . . . . Kills . | . . . . Allies Corrupted . | . . . . Allies Melted . | . . . . Intel | -11 -10 -9 -8 ------- Run | Jun Mat Mat Mat Robot Analysis Total . | . . . . Derelict Logs Recovered . | . . . . Drone Launches . | . . . . Drone Recoveries . | . . . . Exploration | -11 -10 -9 -8 ------------- Run | Jun Mat Mat Mat Turns Passed 1251 | 61 513 429 248 Spaces Moved 936 | 57 499 279 101 Core 65 | 21 . 43 1 Treads . | . . . . Legs 81 | . . . 81 Wheels 790 | 36 499 236 19 Hover . | . . . . Flight . | . . . . Fastest Speed 50 | 50 80 80 50 Average Speed 96 | 75 86 106 129 Slowest Speed 250 | 90 90 250 180 Overloaded Moves . | . . . . Propulsion Burnouts . | . . . . Robots Hopped . | . . . . Cave-ins Triggered . | . . . . Exploration Rate (%) 30 | 3 79 27 12 Regions Visited 3 Branch Regions . Pre-discovered Areas . | . . . . Known Exits Taken 1 | . 1 . . Unknown Exits Taken 2 | 1 . 1 . Scrap Searched . | . . . . Spaces Dug . | . . . . Terrain Destroyed 5 | . 5 . . Melee . | . . . . Projectile . | . . . . AOE 5 | . 5 . . Terrain Rammed . | . . . . Walls Destroyed . | . . . . Machines Disabled . | . . . . Actions | -11 -10 -9 -8 --------- Run | Jun Mat Mat Mat Total 1137 | 74 556 351 156 Wait 28 | 7 20 1 . Move 933 | 56 498 278 101 Hop . | . . . . Pick Up 28 | 6 7 10 5 Fast Attach . | . . . . Attach 25 | 5 6 6 8 Detach 3 | . 3 . . Swap 8 | . 3 4 1 Drop 6 | . 4 . 2 Fire 106 | . 15 52 39 Melee . | . . . . Ram . | . . . . Kick . | . . . . Crush . | . . . . Escape Stasis . | . . . . Rewire . | . . . . Trap . | . . . . Miscellaneous . | . . . . Route ------- -11/Junkyard -10/Materials (discovered 4 exits: *Mat x2 / [*Min x2]) -9/Materials -8/Materials History --------- Turn | Location | Event 26 | -11/Junkyard | Discovered new exit (range 15) 62 | -11/Junkyard | Entered Materials 162 | -10/Materials | Discovered new exit (range 16) 208 | -10/Materials | Discovered new exit (range 16) 308 | -10/Materials | Build established: Mutant 424 | -10/Materials | Discovered new exit (range 16) 564 | -10/Materials | Discovered new exit (range 15) 575 | -10/Materials | Identified exit to Materials 575 | -10/Materials | Entered another Materials area 575 | -9/Materials | Evolved 2 slots: Power x1, Utility x1 988 | -9/Materials | Discovered new exit (range 14) 1004 | -9/Materials | Entered another Materials area 1004 | -8/Materials | Evolved 2 slots: Power x1, Weapon x1 1136 | -8/Materials | Lost 4 parts (1p1n1u1w) 1225 | -8/Materials | Core integrity fell below 50% 1241 | -8/Materials | Core integrity fell below 20% 1252 | -8/Materials | Destroyed by G-47 Trooper with Particle Gun Last Messages --------------- 01207_ Critical hit (Burn: +37). 01209_ U-05 Engineer lays Concrete. 01209_ Critical hit (Burn: +37). 01212_ Med. Laser destroyed. 01215_ Imp. Ion Engine destroyed. 01216_ G-47 Trooper destroyed. 01218_ B-36 Bruiser destroyed. 01224_ VSS Leg destroyed. 01224_ Minigun destroyed. 01224_ Critical hit (Burn: +37). 01230_ Aluminum Leg melted. 01230_ G-47 Trooper destroyed. 01234_ G-47 Trooper misfires. 01240_ Overheating: System interference. 01240_ Sml. Laser temporarily disabled. 01244_ G-47 Trooper suffers critical hit (Burn). 01244_ Critical hit (Burn: +37). 01245_ Overheating: Sml. Laser damaged (-3). 01248_ G-47 Trooper destroyed. 01250_ Med. Laser destroyed. Map ----- +----------------------------------------------------+ | ?????? # ??????????????????????????????????? | | ?????? # | ???????????????????????????????????? | | ?????? #= ????????????????????????????????????? | | ?????? / #?????????????????????????????????????? | | ?????? # #????######???????????????????????????? | | ?????? # !#?? #???????????????????????????? | | ######## #? ????????????????????????????? | | % # """??????????????????????????????? | | %/ + """??????????????????????????????? | | # """??????????????????????????????? | | #######/"###?? ?????????????????????????????? | | ????# %#????? #?#####?????????????????????? | | ????# ! %[ #???????? ??#"""#?????????????????????? | | ????# #???????#####"T"############## ???????? | | ????# """ ######### ?????? | | ????# """ / ?????? | | ????# """ ######### ?????? | | ????#+####"#???????# ##################????????? | | ?????????###???????# # !!#????????????????????? | | ???????????????????# # %!!#????????????????????? | | ???????????????????# +%!* #????????????????????? | | ????????????# #g%=%#????????????????????? | | ????????? #*=[ #????????????????????? | | ?????????#### #%! #????????????????????? | | ????????????##+#########[%/ #????????????????????? | | ???????????????????????#=@* #????????????????????? | | ??????^^^??????????????# #????????????????????? | | ?????^^?^??????????????######????????????????????? | | ?????????????????????????????????????????????????? | | ?????????????????????????????????????????????????? | | ?????????????????????????????????????????????????? | | ?????????????????????????????????????????????????? | | ?????????????????????????????????????????????????? | | ?????????????????????????????????????????????????? | | | | | | | | | | | | | | | | | | | | | | | | | | | | | | | | | +----------------------------------------------------+ Best States ------------- Heat Dissipation 42 Coolant Potential 50 Energy Generation 15 Energy Capacity 275 Matter Stores 300 Matter Capacity 300 Sight Range 16 Robot Scan Range 14 Terrain Scan Density 10 Armor Coverage 225 Weapon Shielding 33 Evasion (%) 57 Particle Charging 15 Item Schematics ----------------- None Robot Schematics ------------------ None Fabricated ------------ Nothing Alien Tech Used ----------------- None Achievements -------------- None Challenges ------------ None Game ------ Seed ThunderLightningStabilizer Manual? 0 Play Time 00:31:28 Cumulative 21.7 hours Start 2023.10.13 @ 19:33:55 End 2023.10.13 @ 20:21:36 Sessions 1 Manual Loads 0 Difficulty Rogue Special Mode None Game No. 42 Rogue 42 Adventurer 0 Explorer 0 Win Type - Total 0 Types 0/0/0/0/0/0/0/0/0 Lore% 15 Gallery% 21 Achievement% 16 Wizard Run 0 Options --------- ASCII 0 Keyboard 0 Movement Numpad Keybinds 0 Fullscreen 1 Font 18/SmallcapsGlow Map View 76x50 Tactical HUD 1 Map Filters NONE Filters NONE Steam 1 RUN: d132e0b0-3297-4e75-973e-6515d38ccc53